[Event "Late-Titled-Tuesday-Blitz-October-10-2023"]
[Site "Chess.com"]
[Date "2023.10.10"]
[Round "3"]
[White "GianmarcoVaR"]
[Black "santosalberto1987"]
[Result "1-0"]
[WhiteElo "2682"]
[BlackElo "2453"]
[TimeControl "180+1"]
[EndTime "14:23:46 PDT"]
[Termination "GianmarcoVaR won by checkmate"]

1. e4 e6 2. d4 d5 3. Nd2 c5 4.
Ngf3 cxd4 5. Nxd4 Nf6 6. exd5 Nxd5 7. N2f3 Bb4+ 8. Bd2 O-O 9. c3 Be7 10. Bd3 a6 11. Qe2 b5 12. O-O Bf6 13. Rad1 Bb7 14. Nxe6 fxe6 15. Qxe6+ Kh8 16. Qh3 g6 17. Bxg6 Qc7 18.
Ng5 Bxg5 19. Bxg5 Nd7 20. Qxh7# 1-0

[Event "Late-Titled-Tuesday-Blitz-October-10-2023"]
[Site "Chess.com"]
[Date "2023.10.10"]
[Round "3"]
[White "Lion-Al-Messi"]
[Black "KamlaPasand"]
[Result "1-0"]
[WhiteElo "2640"]
[BlackElo "2443"]
[TimeControl "180+1"]
[EndTime "14:23:59 PDT"]
[Termination "Lion-Al-Messi won by resignation"]

1. e4 e5 2. Nf3 Nc6 3. Bb5 a6 4. Ba4 Nf6 5. O-O b5 6. Bb3 Bc5 7. c3 d6 8. a4 Bb7 9. d4 Bb6 10. axb5 axb5 11. Rxa8 Bxa8 12. Na3 b4 13. Nc4 bxc3 14. Nxb6 cxb2 15. Bxb2 cxb6 16. dxe5 dxe5 17.
Qxd8+ Nxd8 18. Bxe5 Bxe4 19. Re1 Bxf3 20. Bxf6+ Ne6 21.
Ba4+ Kf8 22. Be5 Bd5 23. Rd1 Bc4 24. Rc1 b5 25. Bxb5 Bxb5 26. Rc8+ Be8 27. Bd6+ Kg8 28.
Rxe8+ Nf8 1-0

[Event "Late-Titled-Tuesday-Blitz-October-10-2023"]
[Site "Chess.com"]
[Date "2023.10.10"]
[Round "3"]
[White "CraiggoryC"]
[Black "DrCeltic"]
[Result "1-0"]
[WhiteElo "2256"]
[BlackElo "2471"]
[TimeControl "180+1"]
[EndTime "14:23:59 PDT"]
[Termination "CraiggoryC won by resignation"]

1. e4 c5 2. Nf3 e6 3. d4 cxd4 4.
Nxd4 Nf6 5. Nc3 d6 6. g4 h6 7.
h4 Nc6 8. Rg1 d5 9. g5 hxg5 10.
hxg5 Nxe4 11. Nxe4 dxe4 12. Bb5 Bd7 13. Bxc6 Bxc6 14.
g6 Bc5 15. gxf7+ Kxf7 16. Be3 Qf6 17. Nxc6 Bxe3 18. Qd7+ Kf8 19. Qd6+ Ke8 20. fxe3 bxc6 21. Qxc6+ Ke7 22. Qb7+ Kd6 23. O-O-O+ Ke5 24. Qc7+ 1-0

[Event "Late-Titled-Tuesday-Blitz-October-10-2023"]
[Site "Chess.com"]
[Date "2023.10.10"]
[Round "3"]
[White "Witaliss"]
[Black "NelsonLinda"]
[Result "1-0"]
[WhiteElo "2456"]
[BlackElo "2576"]
[TimeControl "180+1"]
[EndTime "14:24:05 PDT"]
[Termination "Witaliss won by resignation"]

1. Nf3 g6 2. g3 Bg7 3. Bg2 Nf6 4. O-O O-O 5. d4 d6 6. c4 Nc6 7. Nc3 e5 8. d5 Nb8 9. e4 a5 10. h3 Na6 11. Be3 Nd7 12. a3 Nac5 13. b4 axb4 14.
axb4 Rxa1 15. Qxa1 Na6 16. Qa3 h6 17. c5 f5 18. c6 bxc6 19. dxc6 Nf6 20. b5 Nc5 21. Bxc5 dxc5 22. Qxc5 Nxe4 23. Nxe4 fxe4 24. Nxe5 Qf6 25. Nd7 Qf5 26. Qc4+ Rf7 27. Bxe4 Qxh3 28. Bxg6 1-0

[Event "Late-Titled-Tuesday-Blitz-October-10-2023"]
[Site "Chess.com"]
[Date "2023.10.10"]
[Round "3"]
[White "SCIM"]
[Black "Mykola-Bortnyk"]
[Result "0-1"]
[WhiteElo "2580"]
[BlackElo "2956"]
[TimeControl "180+1"]
[EndTime "14:24:11 PDT"]
[Termination "Mykola-Bortnyk won by resignation"]

1. e4 e5 2. Nf3 d6 3. d4 exd4 4. Nxd4 Nf6 5. Nc3 Be7 6. Bf4 O-O 7. Qd2 d5 8. e5 Nh5 9. Bg3 c5 10. Nf3 d4 11. Ne4 Bf5 12. Nd6 Bxd6 13. exd6 Re8+ 14.
Be2 Nxg3 15. hxg3 Qxd6 16. O-O-O Qd5 17. Kb1 Nc6 18. a3 Rad8 19. Bd3 c4 20. Bxf5 Qxf5 21. Rh4 d3 22. Rdh1 Re2 23. Qf4 Qxf4 24. Rxf4 dxc2+ 0-1

[Event "Late-Titled-Tuesday-Blitz-October-10-2023"]
[Site "Chess.com"]
[Date "2023.10.10"]
[Round "3"]
[White "ValeriyGrinev"]
[Black "orestn"]
[Result "1-0"]
[WhiteElo "2588"]
[BlackElo "2383"]
[TimeControl "180+1"]
[EndTime "14:24:11 PDT"]
[Termination "ValeriyGrinev won by resignation"]

1. e4 e5 2. Nf3 d6 3. d4 exd4 4. Nxd4 Nf6 5. Nc3 Be7 6. Bf4 O-O 7. Qd2 c6 8. O-O-O a5 9. a4 Na6 10. Nb3 Re8 11. Bxd6 Bxd6 12. Qxd6 Qxd6 13. Rxd6 Be6 14. Bxa6 Rxa6 15. f3 Bxb3 16. cxb3 Raa8 17. Rhd1 Kf8 18. g4 h5 19. g5 Ng8 20. Rd7 Re7 21. Rd8+ Rxd8 22.
Rxd8+ Re8 23. Rxe8+ Kxe8 24. Kd2 Ne7 25. Kd3 Ng6 26.
Ke3 Ne5 27. h3 Ke7 28. f4 Nd7 29. Kd4 g6 30. Nd1 Kd6 31. Ne3 b6 32. Nc4+ Ke6 33.
h4 Nc5 34. Nxb6 Nxb3+ 35. Kc3 Nc5 36. Kd4 Nb3+ 37. Ke3 Nc5 38. Kf3 Ke7 39. f5 Kd8 40. Nc4 Nxa4 41. Nxa5 Nxb2 42. Nxc6+ Kd7 43. fxg6 fxg6 44.
Ne5+ Ke6 45. Nxg6 1-0

[Event "Late-Titled-Tuesday-Blitz-October-10-2023"]
[Site "Chess.com"]
[Date "2023.10.10"]
[Round "3"]
[White "FaustinoOro"]
[Black "SHIVACalypso"]
[Result "1-0"]
[WhiteElo "2879"]
[BlackElo "2447"]
[TimeControl "180+1"]
[EndTime "14:24:12 PDT"]
[Termination "FaustinoOro won by resignation"]

1. Nf3 Nf6 2. b3 g6 3. Bb2 Bg7 4.
e3 O-O 5. d4 d5 6. Be2 Ne4 7.
O-O c5 8. Nbd2 Nc6 9. c4 cxd4 10.
exd4 Bf5 11. Rc1 Nxd2 12. Qxd2 e5 13. dxe5 dxc4 14. Qxd8 Raxd8 15. Bxc4 Rfe8 16. Ng5 Be6 17. Nxe6 fxe6 18. f4 Rd2 19. Rf2 Red8 20. Bxe6+ Kf8 21. Ba3+ Ne7 22. Bd6 Rxf2 23. Kxf2 Ke8 24. Rc7 Bf8 25.
Rxb7 1-0

[Event "Late-Titled-Tuesday-Blitz-October-10-2023"]
[Site "Chess.com"]
[Date "2023.10.10"]
[Round "3"]
[White "Dhaydon19"]
[Black "FairChess_on_YouTube"]
[Result "0-1"]
[WhiteElo "2792"]
[BlackElo "3092"]
[TimeControl "180+1"]
[EndTime "14:24:15 PDT"]
[Termination "FairChess_on_YouTube won by resignation"]

1. d4 Nf6 2. Nf3 e6 3. c4 d5 4. g3 dxc4 5. Qa4+ Nbd7 6. Qxc4 a6 7. Bg2 b5 8. Qc2 Bb7 9. Nc3 c5 10. dxc5 Bxc5 11. O-O Rc8 12. a3 O-O 13. Bf4 Nd5 14. Ng5 N7f6 15. Be5 Ne3 16. fxe3 Bxe3+ 17. Kh1 Bxg2+ 18.
Kxg2 Bxg5 19. h4 Ng4 20. Qe4 Nxe5 21. hxg5 Qxg5 22. Rad1 Rc4 23. Rd4 Rxd4 24. Qxd4 Nc4 25. Rf3 Rd8 26. Qf2 f5 27. b3 Ne5 28. Qb6 Nxf3 29.
Qxe6+ Kh8 30. Kxf3 Qd2 31. Qe5 Qd6 0-1

[Event "Late-Titled-Tuesday-Blitz-October-10-2023"]
[Site "Chess.com"]
[Date "2023.10.10"]
[Round "3"]
[White "hakanazeri2"]
[Black "vladislavkovalev"]
[Result "1-0"]
[WhiteElo "2624"]
[BlackElo "2864"]
[TimeControl "180+1"]
[EndTime "14:24:15 PDT"]
[Termination "hakanazeri2 won by resignation"]

1. Nf3 Nf6 2. c4 e6 3. g3 b6 4.
Bg2 Bb7 5. O-O Be7 6. Nc3 O-O 7.
Re1 d5 8. cxd5 exd5 9. d4 a6 10. Bg5 Nbd7 11. Ne5 Nxe5 12. dxe5 Ne4 13. Nxd5 Qxd5 14.
Qxd5 Bxd5 15. Bxe7 Rfe8 16. Red1 c6 17. Bd6 Nxd6 18. Bxd5 cxd5 19. exd6 Rxe2 20. Rxd5 Rxb2 21. d7 Rd8 22. Re1 Kf8 23. Rde5 1-0

[Event "Late-Titled-Tuesday-Blitz-October-10-2023"]
[Site "Chess.com"]
[Date "2023.10.10"]
[Round "3"]
[White "IPAchess"]
[Black "Grig1508"]
[Result "1-0"]
[WhiteElo "2376"]
[BlackElo "2005"]
[TimeControl "180+1"]
[EndTime "14:24:20 PDT"]
[Termination "IPAchess won by checkmate"]

1. d4 d5 2. c4 e6 3. Nf3 Nf6 4. Nc3 c6 5. Bg5 dxc4 6. e4 Be7 7. Bxc4 b5 8. Bd3 a6 9. O-O Bb7 10. Rc1 Nbd7 11. Bb1 c5 12. d5 exd5 13. exd5 Nxd5 14. Nxd5 Bxg5 15. Re1+ Kf8 16. Nxg5 Qxg5 17. Ne3 Rd8 18. Qd6+ Kg8 19. Qc7 Bc8 20. h4 Qxh4 21. Nf5 Qf6 22. Ne7+ Kf8 23. Qxd8# 1-0

[Event "Late-Titled-Tuesday-Blitz-October-10-2023"]
[Site "Chess.com"]
[Date "2023.10.10"]
[Round "3"]
[White "AsadliVugar"]
[Black "ExchangeAB"]
[Result "1-0"]
[WhiteElo "2861"]
[BlackElo "2501"]
[TimeControl "180+1"]
[EndTime "14:24:25 PDT"]
[Termination "AsadliVugar won by resignation"]

1. e4 c6 2. Nf3 d5 3. e5 Bg4 4.
Be2 e6 5. O-O c5 6. c4 d4 7. Ne1 Bxe2 8. Qxe2 Nc6 9. d3 Qc7 10.
f4 h5 11. Nd2 Nge7 12. Ne4 Nf5 13. Nf3 Be7 14. Bd2 Qd7 15. a3 f6 16. exf6 gxf6 17. b4 Kf7 18. b5 Nb8 19. Neg5+ Kg6 20. Nxe6 Re8 21. Qe4 Bd6 22. Nh4+ Kf7 23. Qxf5 Rxe6 24.
Qxh5+ Ke7 25. Rae1 Kd8 26. Rxe6 Qxe6 27. Re1 Qg8 28. Nf5 Kc7 29. Nxd6 Kxd6 30. f5 Nd7 31. Bf4+ Ne5 32. Qh6 Re8 33. Qxf6+ 1-0

[Event "Late-Titled-Tuesday-Blitz-October-10-2023"]
[Site "Chess.com"]
[Date "2023.10.10"]
[Round "3"]
[White "Witty_Alien"]
[Black "RIPOL"]
[Result "1-0"]
[WhiteElo "2229"]
[BlackElo "2433"]
[TimeControl "180+1"]
[EndTime "14:24:38 PDT"]
[Termination "Witty_Alien won by checkmate"]

1. e4 Nf6 2. e5 Nd5 3. d4 d6 4.
Nf3 g6 5. h4 Bg4 6. h5 Bxh5 7.
Rxh5 gxh5 8. e6 fxe6 9. Ng5 Kd7 10. Nf7 Qe8 11. Nxh8 Bg7 12. c4 Nb6 13. a4 a5 14. d5 Bxh8 15. dxe6+ Kc8 16. Bd3 Qg8 17. Qxh5 Qxe6+ 18. Be3 Qg8 19. Bxh7 Qxc4 20. Qe8# 1-0

[Event "Late-Titled-Tuesday-Blitz-October-10-2023"]
[Site "Chess.com"]
[Date "2023.10.10"]
[Round "3"]
[White "Sacbutt"]
[Black "Schwindle"]
[Result "0-1"]
[WhiteElo "2193"]
[BlackElo "2413"]
[TimeControl "180+1"]
[EndTime "14:24:43 PDT"]
[Termination "Schwindle won by resignation"]

1. d4 Nf6 2. c4 e6 3. Nf3 Bb4+ 4. Bd2 a5 5. g3 O-O 6. Bg2 Bxd2+ 7. Nbxd2 d6 8. O-O Nbd7 9. Qc2 e5 10. e4 Qe7 11.
Rfe1 exd4 12. Nxd4 Nc5 13. Rad1 Re8 14. h3 Bd7 15. b3 g6 16. Kh2 Ne6 17. Nxe6 Bxe6 18. Nf3 Nd7 19. Nd4 Nc5 20. Nb5 Rad8 21. Qc3 b6 22.
Nd4 Bd7 23. Qc2 Qf6 24. f4 Re7 25. a3 Rde8 26. b4 Ba4 27. Qf2 Bxd1 28. Rxd1 Nxe4 0-1

[Event "Late-Titled-Tuesday-Blitz-October-10-2023"]
[Site "Chess.com"]
[Date "2023.10.10"]
[Round "3"]
[White "KejJaj"]
[Black "traack"]
[Result "0-1"]
[WhiteElo "2160"]
[BlackElo "2407"]
[TimeControl "180+1"]
[EndTime "14:24:45 PDT"]
[Termination "traack won by resignation"]

1. d4 Nf6 2. Bf4 c5 3. d5 Qb6 4. Nc3 d6 5. e3 g6 6. Nf3 Bg7 7. a3 O-O 8. Bc4 Nh5 9. O-O Nxf4 10. exf4 Qxb2 11. Nb5 Qxa1 12. Qxa1 Bxa1 13. Nc7 Bb2 14. Nxa8 Na6 15. Bxa6 bxa6 16. Rb1 Bxa3 17. Rb8 Bf5 18. Rxf8+ Kxf8 19. Nc7 Bxc2 20. Nxa6 Be4 21. Nd2 Bxd5 22.
Nc7 Bc6 23. Nc4 Bc1 24. g3 d5 25. Ne5 Bb7 26. Nd7+ Kg7 27. Nxc5 Bc6 28. Kf1 Ba3 29.
Nb3 Bd6 30. Nd4 Bd7 31. Na6 e5 32. fxe5 Bxe5 33. Nf3 Bd6 34. Nd4 Be5 35. Nf3 Bb5+ 36. Ke1 Bd6 37. Nd4 Bxa6 0-1

[Event "Late-Titled-Tuesday-Blitz-October-10-2023"]
[Site "Chess.com"]
[Date "2023.10.10"]
[Round "3"]
[White "tgpgoat"]
[Black "alexrustemov"]
[Result "0-1"]
[WhiteElo "2534"]
[BlackElo "2847"]
[TimeControl "180+1"]
[EndTime "14:24:48 PDT"]
[Termination "alexrustemov won by resignation"]

1. Nf3 d5 2. d4 Nf6 3. g3 c6 4.
Bg2 Bf5 5. O-O e6 6. c4 dxc4 7. Ne5 Be7 8. Nxc4 O-O 9. Nc3 Nbd7 10. Bf4 Nb6 11. Ne5 Nbd5 12. Nxd5 exd5 13. Rc1 Re8 14. a3 h6 15. b4 a6 16. Qb3 Be4 17. a4 Bxg2 18.
Kxg2 Qb6 19. Rfd1 Qxb4 20. Qxb4 Bxb4 21. Rb1 a5 22. Nd3 Rxe2 23. Nxb4 axb4 24. Rxb4 Ne4 25.
Be3 Nc3 26. Rd3 Rxa4 27. Rxb7 Ne4 28. Rb1 Raa2 29. Rf1 Rac2 30. Kf3 g5 31. h3 Kg7 32.
Ra3 Kg6 33. Ra6 f6 34. Rxc6 Rxe3+ 35. Kxe3 Rxc6 0-1

[Event "Late-Titled-Tuesday-Blitz-October-10-2023"]
[Site "Chess.com"]
[Date "2023.10.10"]
[Round "3"]
[White "PapaieDudu"]
[Black "PNEPaul"]
[Result "1-0"]
[WhiteElo "2376"]
[BlackElo "1989"]
[TimeControl "180+1"]
[EndTime "14:24:52 PDT"]
[Termination "PapaieDudu won by resignation"]

1. e4 e5 2. f4 Bc5 3. Nf3 d6 4. c3 Nc6 5. d4 Bb6 6. Bc4 Nf6 7. d5 Nb8 8. fxe5 dxe5 9. Nxe5 O-O 10. Bg5 h6 11. Bxf6 Qxf6 12. Nf3 Re8 13. Nbd2 Bg4 14. Qe2 Nd7 15. Rf1 Qg6 16. O-O-O f5 17. e5 Kh8 18.
Rde1 Nc5 19. h3 Bxf3 20. Rxf3 Ne4 21. Nxe4 fxe4 22. Qxe4 Qxe4 23. Rxe4 1-0

[Event "Late-Titled-Tuesday-Blitz-October-10-2023"]
[Site "Chess.com"]
[Date "2023.10.10"]
[Round "3"]
[White "arminmusovic"]
[Black "Zhigalko_Sergei"]
[Result "0-1"]
[WhiteElo "2505"]
[BlackElo "2892"]
[TimeControl "180+1"]
[EndTime "14:24:58 PDT"]
[Termination "Zhigalko_Sergei won by resignation"]

1. a3 e5 2. d4 e4 3. c4 Nf6 4. Nc3 h6 5. h3 c6 6. Bf4 d5 7. e3 Bd6 8. Be5 Be6 9. cxd5 cxd5 10. Rc1 Nc6 11. Nb5 Nxe5 12. dxe5 Bxe5 13. Ne2 O-O 14.
Nbd4 Qb6 15. b4 a5 16. b5 Bd6 17. Qa4 Ne8 18. Nc3 Nf6 19. Be2 Rac8 20. Qb3 Bb8 21. Kd2 Be5 22. Na4 Qd6 23. Nxe6 fxe6 24. Rhd1 d4 25. exd4 Qxd4+ 26. Ke1 Rxc1 27. Rxc1 Nd5 28.
f3 Bg3+ 0-1

[Event "Late-Titled-Tuesday-Blitz-October-10-2023"]
[Site "Chess.com"]
[Date "2023.10.10"]
[Round "3"]
[White "Sulthankan"]
[Black "NateSolon"]
[Result "0-1"]
[WhiteElo "2354"]
[BlackElo "2578"]
[TimeControl "180+1"]
[EndTime "14:25:02 PDT"]
[Termination "NateSolon won by resignation"]

1. d4 d5 2. c4 c6 3. Nc3 Nf6 4. e3 e6 5. Nf3 Nbd7 6. Qc2 Bd6 7. Bd3 O-O 8. O-O dxc4 9. Bxc4 b5 10. Be2 Bb7 11. e4 e5 12. dxe5 Nxe5 13. Nd4 Neg4 14. g3 Bc5 15. Nf5 Re8 16. Bf4 Nxf2 17. Rxf2 Bxf2+ 18. Kxf2 b4 19. e5 bxc3 20. exf6 Qxf6 21.
bxc3 c5 22. Re1 g5 23. Bd2 Be4 24. Qc1 Qxf5+ 25. Kg1 h6 26. Rf1 Qg6 27. c4 Bd3 28. Bxd3 Qxd3 29. Bxg5 hxg5 30. Qxg5+ Qg6 31. Qh4 Re4 0-1

[Event "Late-Titled-Tuesday-Blitz-October-10-2023"]
[Site "Chess.com"]
[Date "2023.10.10"]
[Round "3"]
[White "Baku_Boulevard"]
[Black "MMSANCHEZ"]
[Result "1-0"]
[WhiteElo "3037"]
[BlackElo "2755"]
[TimeControl "180+1"]
[EndTime "14:25:08 PDT"]
[Termination "Baku_Boulevard won by resignation"]

1. e4 e6 2. d4 d5 3. Nd2 c5 4. Ngf3 cxd4 5. Nxd4 Nc6 6. Bb5 Bd7 7. Nxc6 bxc6 8. Bd3 Bd6 9. Qe2 Qc7 10. Nf3 Ne7 11. c4 O-O 12. h4 Ng6 13. h5 Nf4 14. Bxf4 Bxf4 15. e5 Rab8 16. b3 f6 17. h6 g6 18.
exf6 Rxf6 19. cxd5 cxd5 20. O-O Bxh6 21. Ne5 Bf4 22.
Ng4 Rff8 23. g3 Bd6 24. Rac1 Qd8 25. f4 Qb6+ 26. Kh2 a5 27. Qb2 d4 28. Rc4 Bc5 29. Qe2 Bb5 30. Qe5 h5 31. Nh6+ Kh7 32. Qxh5 Bxc4 33. Qxg6+ 1-0

[Event "Late-Titled-Tuesday-Blitz-October-10-2023"]
[Site "Chess.com"]
[Date "2023.10.10"]
[Round "3"]
[White "pedromartinez91"]
[Black "giomar27"]
[Result "1-0"]
[WhiteElo "2550"]
[BlackElo "2289"]
[TimeControl "180+1"]
[EndTime "14:25:09 PDT"]
[Termination "pedromartinez91 won by resignation"]

1. d4 Nf6 2. c4 c5 3. d5 b5 4. cxb5 a6 5. bxa6 d6 6. Nc3 g6 7. e4 Bg7 8. Nf3 O-O 9. Be2 Nxa6 10. O-O Nc7 11. a4 Nd7 12. Nb5 Ba6 13. Ra3 Nb6 14.
Nxc7 Qxc7 15. b3 Rfb8 16. Bxa6 Rxa6 17. Qe2 Rba8 18. Nd2 e6 19. dxe6 fxe6 20. Nc4 Nd7 21. Bf4 e5 22. Bg5 Nf8 23. Qd3 Ne6 24. Qd5 Qf7 25.
Be3 Nd4 26. Bxd4 Qxd5 27. exd5 cxd4 28. a5 Rb8 29. Rb1 Rb5 30. b4 Kf7 31. f3 Ke7 32.
Kf1 Ra8 33. Ke2 Kd7 34. Kd3 Ra6 35. Rbb3 Bh6 36. Nb6+ Kc7 37. Kc4 Rbxb6 38. axb6+ Kxb6 39. b5 Rxa3 40. Rxa3 Bf4 41. Ra6+ Kc7 42. g3 Be3 43. Rc6+ Kb7 44. Rxd6 1-0

[Event "Late-Titled-Tuesday-Blitz-October-10-2023"]
[Site "Chess.com"]
[Date "2023.10.10"]
[Round "3"]
[White "kleinebeer98"]
[Black "Superfelix"]
[Result "1-0"]
[WhiteElo "2862"]
[BlackElo "2494"]
[TimeControl "180+1"]
[EndTime "14:25:10 PDT"]
[Termination "kleinebeer98 won by resignation"]

1. e4 c6 2. d4 g6 3. f3 d5 4. Nc3 h5 5. Bg5 Qa5 6. Qd2 f6 7. Be3 Bh6 8. O-O-O Bxe3 9. Qxe3 b5 10. a3 dxe4 11.
Nxe4 Kf7 12. Bd3 Nh6 13. Nc5 Nf5 14. Bxf5 Bxf5 15. Ne2 b4 16. Qb3+ Kg7 17. Qxb4 Qxb4 18. axb4 a5 19. bxa5 Rxa5 20. Nc3 Rd8 21. b4 Ra7 22. Rhe1 Kf7 23. Kb2 Na6 24. Ra1 Rda8 25. Rxa6 Rxa6 26. Nxa6 Rxa6 27. Ne4 h4 28. Nc5 Ra7 29.
c4 g5 30. Ra1 Rc7 31. b5 cxb5 32. cxb5 e5 33. b6 Rc6 34. b7 Rb6+ 35. Kc3 exd4+ 36.
Kxd4 Rb4+ 37. Kc3 Rb6 38. Ra8 Rxb7 39. Nxb7 1-0

[Event "Late-Titled-Tuesday-Blitz-October-10-2023"]
[Site "Chess.com"]
[Date "2023.10.10"]
[Round "3"]
[White "Verony64"]
[Black "JonasGallasch"]
[Result "0-1"]
[WhiteElo "2195"]
[BlackElo "2416"]
[TimeControl "180+1"]
[EndTime "14:25:11 PDT"]
[Termination "JonasGallasch won by resignation"]

1. e4 e5 2. Nc3 Nf6 3. g3 Bc5 4.
Bg2 O-O 5. d3 c6 6. Nge2 d5 7. O-O h6 8. exd5 cxd5 9. d4 exd4 10. Nxd4 Bb6 11. h3 Nc6 12. Be3 Re8 13. Qd2 Ne5 14.
b3 Bxh3 15. f4 Bxg2 16. Kxg2 Neg4 17. Bg1 Ne4 18. Nxe4 dxe4 19. Rad1 e3 20. Qe2 Bxd4 21. c3 Qd5+ 22. Rf3 Re4 23. cxd4 Rxd4 24. Rxd4 Qxd4 25. Bxe3 Qe4 26. Qd2 Nh2 27. Kxh2 Qxf3 28. Qd4 Re8 0-1

[Event "Late-Titled-Tuesday-Blitz-October-10-2023"]
[Site "Chess.com"]
[Date "2023.10.10"]
[Round "3"]
[White "YQPerez"]
[Black "rdarruda"]
[Result "1-0"]
[WhiteElo "2885"]
[BlackElo "2503"]
[TimeControl "180+1"]
[EndTime "14:25:12 PDT"]
[Termination "YQPerez won by resignation"]

1. e4 c5 2. Nc3 e6 3. f4 d6 4. Nf3 Nf6 5. Bb5+ Nbd7 6. O-O a6 7.
Bxd7+ Bxd7 8. d3 Be7 9. h3 O-O 10. g4 Bc6 11. Ne2 d5 12. e5 Nd7 13. d4 f6 14. c3 Qb6 15. Kg2 fxe5 16. fxe5 Rf7 17. Nf4 Bb5 18. Rf2 Raf8 19. Kg3 g5 20. Nh5 cxd4 21.
cxd4 h6 22. Be3 Kh8 23. Qd2 Bc6 24. Raf1 Qb4 25. Qd1 Bb5 26. Rh1 Qc4 27. h4 gxh4+ 28. Nxh4 Rxf2 29. Bxf2 Qd3+ 30. Qxd3 Bxd3 31. Be3 Bg5 32.
Bxg5 hxg5 33. Nf3 Kg8 34. Nxg5 Re8 35. Nf6+ Nxf6 36. exf6 Bg6 37. Rh6 Bf7 38. Nf3 Rc8 39. g5 1-0

[Event "Late-Titled-Tuesday-Blitz-October-10-2023"]
[Site "Chess.com"]
[Date "2023.10.10"]
[Round "3"]
[White "Smiechu"]
[Black "Denis_Makhnyov"]
[Result "0-1"]
[WhiteElo "2508"]
[BlackElo "2911"]
[TimeControl "180+1"]
[EndTime "14:25:23 PDT"]
[Termination "Denis_Makhnyov won by resignation"]

1. e4 e5 2. Nf3 Nc6 3. d4 exd4 4.
Nxd4 Qf6 5. Nxc6 Bc5 6. Qe2 dxc6 7. Be3 Qxb2 8. Bxc5 Qxa1 9. Qd1 Qe5 10. Be3 Be6 11.
Bd3 Nf6 12. f4 Qa5+ 13. Bd2 Qc5 14. Qe2 Bg4 15. Qf2 Qxf2+ 16. Kxf2 O-O-O 17. f5 Rhe8 18. h3 Bh5 19. g4 Nxe4+ 20. Bxe4 Rxe4 21. gxh5 Rd5 22. Kf3 Rc4 23. Re1 Rxf5+ 24. Kg3 Rxc2 25. Bf4 Rc4 26.
Rf1 Rxh5 27. Nd2 Rc3+ 28. Nf3 f6 29. Kg4 Rd5 30. Re1 h5+ 31. Kg3 g5 32. Bc1 Rdd3 33.
Rf1 h4+ 34. Kg2 Rxf3 35. Rxf3 Rxc1 36. Rxf6 Rc3 37. Rf7 b5 38. Rg7 Rg3+ 39. Kf2 a5 40. Rg6 Kb7 0-1

[Event "Late-Titled-Tuesday-Blitz-October-10-2023"]
[Site "Chess.com"]
[Date "2023.10.10"]
[Round "3"]
[White "Zeck_CH"]
[Black "ArtemDyachuk"]
[Result "1-0"]
[WhiteElo "2465"]
[BlackElo "2623"]
[TimeControl "180+1"]
[EndTime "14:25:24 PDT"]
[Termination "Zeck_CH won on time"]

1. d4 Nf6 2. c4 e6 3. Nf3 c5 4.
g3 cxd4 5. Nxd4 d5 6. cxd5 exd5 7.
Bg2 Nc6 8. O-O Bc5 9. Nxc6 bxc6 10. Qc2 Qb6 11. Nc3 Bd6 12. Na4 Qc7 13. Bg5 Nd7 14. Rac1 Bb7 15. Be3 O-O 16. Nc5 Nxc5 17. Bxc5 Rfe8 18.
e3 a5 19. Rfd1 a4 20. Qc3 Bxc5 21. Qxc5 Ra5 22. Qa3 Qb6 23. Rd4 Rb5 24. Rc2 c5 25. Rf4 d4 26. e4 Rb4 27. h4 h6 28. Rf5 Bxe4 29. Bxe4 Rxe4 30. Rfxc5 Re1+ 31. Kh2 Qb7 32. Rc6 Qe7 33. Qd3 Qd7 34. Rc7 Qd5 35. Rc8+ 1-0

[Event "Late-Titled-Tuesday-Blitz-October-10-2023"]
[Site "Chess.com"]
[Date "2023.10.10"]
[Round "3"]
[White "Dannyyi"]
[Black "Semetey"]
[Result "0-1"]
[WhiteElo "2213"]
[BlackElo "2531"]
[TimeControl "180+1"]
[EndTime "14:25:24 PDT"]
[Termination "Semetey won by resignation"]

1. e4 c5 2. Nf3 Nc6 3. d4 cxd4 4. Nxd4 Qb6 5. Nb3 Nf6 6. Nc3 e6 7. Be3 Qc7 8. a3 a6 9. Be2 d6 10. Qd2 Ne5 11. O-O-O b5 12. Kb1 Bb7 13. f3 Be7 14. h4 O-O 15. h5 Rfd8 16. g4 Nfd7 17. g5 Nc5 18. Nxc5 dxc5 19. Qc1 b4 20. axb4 cxb4 21. Na4 Bc6 22. Nc5 Bb5 23. Bxb5 axb5 24. Nb3 Nc4 25. g6 Qc6 26. Rxd8+ Bxd8 27. gxf7+ Kxf7 28. Bd4 Qa6 29. Qf4+ Kg8 30. c3 Qa2+ 31. Kc1 Qxb3 0-1

[Event "Late-Titled-Tuesday-Blitz-October-10-2023"]
[Site "Chess.com"]
[Date "2023.10.10"]
[Round "3"]
[White "aa175"]
[Black "Rozhkov_V"]
[Result "1-0"]
[WhiteElo "2609"]
[BlackElo "2411"]
[TimeControl "180+1"]
[EndTime "14:25:27 PDT"]
[Termination "aa175 won on time"]

1. d4 d5 2. Bf4 Nf6 3. e3 c5 4.
Nf3 Nc6 5. Nbd2 g6 6. dxc5 Qa5 7. c4 Qxc5 8. a3 dxc4 9. Bxc4 Bg7 10. Rc1 Qf5 11. O-O O-O 12. b4 e5 13. Bg3 Nh5 14. Qb3 Nxg3 15. fxg3 Be6 16. Bxe6 Qxe6 17. Qxe6 fxe6 18.
Ne4 Bh6 19. Rfe1 a6 20. Nc5 e4 21. Nxe4 Rad8 22. Nc5 Rfe8 23. Nxb7 Rb8 24. Nd6 Red8 25.
Ne4 1-0

[Event "Late-Titled-Tuesday-Blitz-October-10-2023"]
[Site "Chess.com"]
[Date "2023.10.10"]
[Round "3"]
[White "WindWhistler11"]
[Black "Zq1"]
[Result "0-1"]
[WhiteElo "2505"]
[BlackElo "2554"]
[TimeControl "180+1"]
[EndTime "14:25:27 PDT"]
[Termination "Zq1 won by resignation"]

1. Nf3 d5 2. g3 g6 3. c4 d4 4. e3 Nc6 5. Bg2 Bg7 6. d3 Nh6 7.
e4 a5 8. Na3 O-O 9. Bd2 f5 10.
Ng5 Nf7 11. h4 Nxg5 12. hxg5 Ne5 13. Qe2 fxe4 14. Bxe4 Bg4 15. Qf1 Nf3+ 16. Bxf3 Bxf3 17. Rh4 Ra6 18. Qh3 Qc8 19. Kf1 Qxh3+ 20. Rxh3 Bg4 21. Rh4 Bf5 22. Ke2 Re6+ 23. Kd1 Bxd3 24. Nb5 Rxf2 25. Rh1 Bxc4 26. Na3 Bd5 27. Re1 Rxe1+ 28. Bxe1 Rxb2 29.
Bxa5 d3 0-1

[Event "Late-Titled-Tuesday-Blitz-October-10-2023"]
[Site "Chess.com"]
[Date "2023.10.10"]
[Round "3"]
[White "Hrant_ChessMood"]
[Black "Byniolus"]
[Result "1-0"]
[WhiteElo "2934"]
[BlackElo "2705"]
[TimeControl "180+1"]
[EndTime "14:25:32 PDT"]
[Termination "Hrant_ChessMood won by resignation"]

1. d4 d5 2. c4 c6 3. Nc3 Nf6 4. e3 Qb6 5. Bd3 Bg4 6. Nge2 e6 7. O-O Be7 8. Qc2 Bh5 9. Nf4 Bg6 10. Nxg6 hxg6 11.
h3 Nbd7 12. b3 O-O 13. Bb2 Rac8 14. c5 Qc7 15. f4 b5 16. b4 a5 17. a3 Ra8 18. Ne2 Rfb8 19. g4 Ne8 20. Kg2 f5 21. g5 Kf7 22. h4 Qb7 23. Rh1 axb4 24. axb4 Rxa1 25. Bxa1 Ra8 26. Bc3 Ra3 27. Nc1 Nf8 28.
Be2 Nc7 29. Nd3 Nd7 30. Bb2 Ra2 31. h5 gxh5 32. Bxh5+ g6 33. Bxg6+ Kxg6 34. Qd1 Nf8 35. Ne5+ Kg7 36. Qh5 Rxb2+ 37. Kf3 1-0

[Event "Late-Titled-Tuesday-Blitz-October-10-2023"]
[Site "Chess.com"]
[Date "2023.10.10"]
[Round "3"]
[White "GoldenShare"]
[Black "matagordo"]
[Result "1-0"]
[WhiteElo "2532"]
[BlackElo "2230"]
[TimeControl "180+1"]
[EndTime "14:25:36 PDT"]
[Termination "GoldenShare won by checkmate"]

1. e4 e6 2. d4 d5 3. Nd2 Nc6 4.
Ngf3 Nf6 5. e5 Nd7 6. Bd3 Nb4 7. Be2 c5 8. c3 Nc6 9. O-O Qb6 10.
Bd3 cxd4 11. cxd4 Nxd4 12. Nxd4 Qxd4 13. Nf3 Qb6 14. Rb1 Be7 15. b4 O-O 16. Be3 Qd8 17.
Bd4 Nb6 18. Qd2 Nc4 19. Qf4 f5 20. exf6 Bxf6 21. Bxc4 dxc4 22. Bxf6 Rxf6 23. Qxc4 Qd5 24. Qc3 b6 25. Rfd1 Qxa2 26. Rd8+ Rf8 27. Rbd1 Bb7 28. R8d7 Rf7 29. Rxf7 Kxf7 30. Rd7+ Kg8 31. Qxg7# 1-0